[Event "CZE-ch U16 Open 2023"]
[Site "Teplice"]
[Date "2023.03.15"]
[Round "6.8"]
[White "Simunek, Jakub Simon"]
[Black "Tesar, Jakub"]
[Result "1-0"]
[ECO "C07"]
[WhiteElo "1970"]
[BlackElo "1960"]
[Annotator "TA"]
[PlyCount "139"]
[EventDate "2023.03.09"]
[EventType "swiss"]
[EventCountry "CZE"]
[SourceTitle "playchess.com"]
[Source "ChessBase"]
[SourceQuality "1"]
[TimeControl "40/5400+30:1800+30"]

1. e4 e6 2. d4 d5 3. Nd2 c5 4. Ngf3 cxd4 5. Nxd4 Nf6 6. e5 Nfd7 7. N2f3 Nc6 8. Nxc6 {[%emt 0:00:30] The old main line. C07: French Tarrasch: 3...c5, 4 Ngf3 and 4 exd5 Qxd5.} bxc6 9. c3 (9. Bd3 $5) 9... Qb6 10. Bd3 {[%emt 0:06:38] [#] The position is equal.} a5 $146 ({Predecessor:} 10... Ba6 11. O-O Bxd3 12. Qxd3 Be7 13. Qc2 O-O 14. c4 f6 15. Be3 Qb7 16. exf6 Bxf6 {0-1 Avellan,G (2109)-Fernandez Medina,E CADAP Cand and Maestro 20-1 email 2007}) 11. O-O Ba6 {[%emt 0:02:24] Inhibits c4.} 12. b3 Rb8 13. c4 dxc4 14. bxc4 Qc7 15. Be3 Bc5 16. Re1 Bb4 17. Bd2 h6 18. a3 Bxd2 19. Qxd2 O-O 20. Qe3 Rfd8 21. Rad1 Rb2 22. Qe4 {[%emt 0:04:32] Qh7+ is the strong threat.} Nf8 {[%emt 0:00:34] Inhibits Qh7+.} 23. Rb1 $36 {[%emt 0:01:28][%mdl 2048] White has the initiative.} Ra2 24. Qe3 Kh8 {[%emt 0:00:59] [#]} (24... a4 $11) 25. Bf1 (25. Be4 $1 $16) 25... c5 $2 ({Better is} 25... a4 $1 $14) 26. Qb3 $18 Rdd2 27. Nxd2 Rxd2 28. Qe3 Rd4 29. Rec1 Ng6 30. Qb3 {[%emt 0:01:03] Qb8+ would be deadly.} Nxe5 {[%emt 0:01:33] [#]} 31. Qb8+ $1 Qxb8 32. Rxb8+ Kh7 33. Ra8 Bxc4 34. Bxc4 (34. Rxa5 $18 Bxf1 35. Kxf1) 34... Nxc4 {[%emt 0:02:03][%mdl 4096] Endgame KRR-KRN} 35. Rc8 Rd5 36. Kf1 (36. Rxc4 $2 Rd1#) 36... Nxa3 37. R8xc5 Nb5 $2 (37... Rd4 $16) 38. Rxd5 {[%emt 0:00:54][%mdl 64] Remove Defender} exd5 {[%emt 0:00:05] KR-KN} 39. Rc5 Nd6 40. Rxa5 d4 41. Rd5 Ne4 42. Rxd4 Nf6 43. Ke2 Kg6 44. h3 h5 $2 (44... Kf5 45. f4 g6) 45. Ra4 Nd5 46. Kf3 Nc7 47. Ra5 Ne6 48. Ra6 Kf5 49. g4+ hxg4+ 50. hxg4+ Kf6 51. Kg3 {[%emt 0:00:00] Strongly threatening f4.} Ke5 52. Ra5+ Ke4 $2 (52... Kf6 53. Kf3 Ng5+ 54. Ke3 Ne6 55. Rf5+ Ke7) 53. f3+ Kd4 54. Ra7 f6 55. f4 {[%emt 0:00:00] Re7 would kill now.} g5 56. f5 $2 (56. fxg5 {White wants to mate with g6.} fxg5 57. Kf3) 56... Nc5 $2 (56... Nf4 57. Ra1 Nd5) 57. Kf3 Nb3 58. Rd7+ $2 (58. Ra4+ Kd5 59. Ke3) 58... Ke5 59. Re7+ Kd5 60. Ke3 {[%emt 0:00:20] Threatening mate with Rd7+.} Nc5 {[%emt 0:00:19] Inhibits Rd7+.} 61. Ra7 Ke5 62. Rf7 Na6 $2 (62... Nd7 $18 63. Kf3 Nc5) 63. Re7+ {[%emt 0:00:09] White mates.} Kd5 64. Re6 Nb4 65. Rxf6 Nc2+ 66. Kd3 Ne1+ 67. Ke2 Ng2 68. Kf2 Nf4 69. Kf3 Ke5 70. Ra6 {[%emt 0:00:20] Weighted Error Value: White=0.43/Black=0.35} 1-0

[Event "CZE-ch U16 Open 2023"]
[Site "Teplice"]
[Date "2023.03.15"]
[Round "6.9"]
[White "Svoboda, Daniel"]
[Black "Tillmann, Stanislav"]
[Result "0-1"]
[ECO "B22"]
[WhiteElo "1748"]
[BlackElo "1907"]
[Annotator "TA"]
[PlyCount "120"]
[EventDate "2023.03.09"]
[EventType "swiss"]
[EventCountry "CZE"]
[SourceTitle "playchess.com"]
[Source "ChessBase"]
[SourceQuality "1"]
[TimeControl "40/5400+30:1800+30"]

1. e4 c5 2. c3 Nf6 3. e5 Nd5 4. d4 cxd4 5. cxd4 d6 6. Nf3 dxe5 7. dxe5 Nc6 8. Bc4 Be6 {[%emt 0:00:38][%cal Od5e3] B22: Sicilian: 2 c3.} (8... Ndb4 {simplifies} 9. Qxd8+ Nxd8 10. Na3 Bg4) 9. Ng5 {[%emt 0:14:41] [#]} (9. O-O $11) 9... Ne3 $146 {[%emt 0:02:25][%csl Ge3][%cal Rd8d1][%mdl 64] Discovered Attack, Double Attack} ({Predecessor:} 9... Nxe5 10. Nxe6 fxe6 11. Qa4+ Nc6 12. Bb5 Qd6 13. O-O g6 14. Nc3 Nxc3 15. bxc3 Bg7 {½-½ Vlassov,N (2352)-Langner,L (2377) Titled Tuesday intern op 18th Aug blitz 2020 (5)}) 10. Qxd8+ ({Don't play} 10. fxe3 Qxd1+ 11. Kxd1 Bxc4 $17) 10... Rxd8 {[%emt 0:00:06] Black is slightly better.} 11. Bxe3 Bxc4 12. Nd2 Bd3 ({But not} 12... Nxe5 $6 13. Nxc4 Nxc4 14. Bxa7 $15) (12... Bd5 $17 13. O-O Nxe5 14. Bxa7 Nd3) 13. e6 $11 fxe6 14. Nxe6 {[%emt 0:01:41] Excellent horsemanship.} Rd6 15. Nc5 a6 (15... e6 $11 {remains equal.}) 16. Nxb7 $16 Rg6 17. Nc5 Nb4 (17... Bf5 $16 {is a better defense.}) 18. Nxd3 $18 Nxd3+ 19. Ke2 Nb4 20. g3 Re6 21. Rac1 {[%emt 0:02:12] Rc8+ is the strong threat.} g6 22. Nf3 {[%emt 0:06:23] Rc8+ would be deadly.} Bg7 23. Rc8+ Kd7 24. Rc4 Rb8 25. Rd1+ Ke8 26. Ng5 Rc6 27. Rxc6 Nxc6 28. b3 Nb4 {[%emt 0:01:47] Against Rd5} 29. Ne6 ({Resist} 29. Nxh7 $6 Nxa2 30. Kf3 Rxb3 $11) 29... Bc3 (29... Be5 $16) 30. Bf4 $1 Rb6 31. Nc7+ (31. Rd8+ $18 {and White stays clearly on top.} Kf7 32. Ng5+ Kg7 33. Be3) 31... Kf7 $16 32. a3 Na2 33. b4 Bb2 {[%emt 0:00:19] Strongly threatening ...Nc3+.} 34. Nd5 (34. Rd3 $16) 34... Re6+ 35. Kf3 ({White should play} 35. Kf1 $1 $14) 35... Bxa3 $11 36. Ra1 Nxb4 37. Nc7 Nc2 $1 38. Ra2 Rc6 39. Kg2 ({Better is} 39. Nd5) 39... a5 $17 40. Nd5 Bb4 41. Nxb4 (41. Kf3 $17) 41... axb4 {[%emt 0:00:02][%mdl 4096] Endgame KRB-KRN} 42. Kf3 b3 {[%emt 0:01:18] ( -> ...Rc3+)} 43. Rb2 Rb6 {[%emt 0:02:10] And now ...Na3 would win.} 44. Ke4 {[%emt 0:03:46] [#]} Ke6 45. h3 h5 46. Kd3 $2 (46. Bg5 {was called for.}) 46... Kd5 $19 47. Kc3 Ke4 $2 (47... e5 $19 48. Bg5 Nd4) 48. Rxb3 $17 Rxb3+ 49. Kxb3 {[%emt 0:00:02] [#] KB-KN} Nd4+ (49... Kd3 $1 $17) 50. Kc4 $11 Nf5 (50... e5 $5 51. Bh6 $8 Ne2 $11) 51. Bc7 Kf3 52. g4 hxg4 53. hxg4 Kxg4 54. Kd5 Kf3 55. Bb6 Ng7 56. Ke5 g5 57. Ba7 g4 58. Bb6 Nh5 59. Ke6 $2 (59. Kf5 $11) 59... Nf4+ $19 60. Kxe7 Nd5+ {[%emt 0:00:06] A wild game.   Weighted Error Value: White=0.45/Black=0.24 (precise)} 0-1

[Event "CZE-ch U16 Open 2023"]
[Site "Teplice"]
[Date "2023.03.15"]
[Round "6.10"]
[White "Slaby, Matej"]
[Black "Zezula, Jakub"]
[Result "1/2-1/2"]
[ECO "D48"]
[WhiteElo "1932"]
[BlackElo "1963"]
[Annotator "TA"]
[PlyCount "111"]
[EventDate "2023.03.09"]
[EventType "swiss"]
[EventCountry "CZE"]
[SourceTitle "playchess.com"]
[Source "ChessBase"]
[SourceQuality "1"]
[TimeControl "40/5400+30:1800+30"]

1. d4 d5 2. Nf3 Nf6 3. c4 c6 4. Nc3 e6 5. e3 Nbd7 6. Bd3 dxc4 7. Bxc4 b5 8. Bd3 a6 9. O-O Bb7 10. Qe2 {[%emt 0:01:43] D48: Semi-Slav: Meran System: 7...b5 8 Bd3 a6.} (10. e4 $5 ) 10... Be7 11. b3 c5 12. Bb2 (12. Ne5 {looks sharper.} O-O 13. Bb2 cxd4 14. exd4 Nb6 15. a4) 12... O-O 13. Rfd1 cxd4 14. exd4 Nb6 15. Rac1 Nbd5 {[%emt 0:03:03] [#]} 16. Nxd5 $146 ({Predecessor:} 16. Bb1 Nxc3 17. Bxc3 Rc8 18. Ne5 Ba3 19. Bb2 Rxc1 20. Rxc1 Bxb2 21. Qxb2 Qd6 22. Qc3 {½-½ Szotkowski,D (1791)-Sramek,V (1967) Orlova op 14th 2017 (9)}) 16... Qxd5 17. Qe5 Rac8 18. Qxd5 Bxd5 19. Ne5 Rfd8 20. f4 g6 21. Kf2 h5 22. g3 Bd6 23. h3 Kf8 24. Rg1 Ke7 (24... Rxc1 {simplifies} 25. Rxc1 Kg7 26. Bc3 Rc8) 25. Ke3 Bb7 (25... Ba8 {with more complications.} 26. h4 Bd5 27. Rge1 Bb4) 26. a3 Nd5+ 27. Kf2 (27. Kf3 $142) 27... Nf6 ({Black should try} 27... h4 28. Be4 Rxc1 29. Bxc1 hxg3+ 30. Kxg3 Rc8) 28. Ke3 $1 $17 Bb8 (28... Rxc1 {simplifies} 29. Rxc1 Nd5+ 30. Kf3 Rg8) 29. Ke2 Ba7 30. Rxc8 Rxc8 31. Kd2 Ne4+ 32. Bxe4 Bxe4 33. Ke3 Bd5 34. Rc1 {[%emt 0:00:57] Against Rc2} Rxc1 35. Bxc1 {[%emt 0:00:02][%mdl 4096] Endgame KBB-KBN} f6 ({But not} 35... Bxb3 36. Nc6+ Kd6 37. Nxa7 $16) 36. Nxg6+ Kf7 37. Nh4 Bxb3 38. Nf3 Bd5 39. Bb2 Bb6 40. g4 hxg4 41. hxg4 Ba5 42. f5 b4 43. Nh4 bxa3 (43... b3 {seems wilder.} 44. Ng6 Bc7 45. Nf4 Bxf4+ 46. Kxf4 a5) 44. Bxa3 Bc3 45. fxe6+ Bxe6 {[%emt 0:02:43] This pair of bishops is nice.} 46. Nf5 a5 47. Ke4 Bb4 48. Bb2 (48. Bxb4 $11 axb4 49. Ne3 (49. d5 Bxf5+ 50. gxf5 b3 51. Kd3 Ke7 52. Kc3 Kd6 53. Kxb3 Kxd5 54. Kc2 Ke5 55. Kd2 Kxf5 56. Ke3 Kg4 57. Kf2 Kf4 58. Kg2 Ke3 59. Kg3 f5 60. Kg2 f4 61. Kf1 Kf3 62. Ke1 Kg2 63. Ke2 f3+ 64. Ke3 f2 65. Ke4 f1=Q 66. Ke5 Kf3 67. Ke6 Ke4 68. Kd6 Qb5 69. Ke6 Qc6+ 70. Kf7 Kf5 71. Kf8 Kf6 72. Kg8 Qg2+ 73. Kh8 Qg7#)) 48... a4 49. d5 Bd7 {[%emt 0:00:00] [#] ...a3 is the strong threat.} 50. Ne3 (50. Ba1 $17) 50... a3 $19 51. Ba1 Bd2 ({Black should play} 51... Bc5 $19 {White must now prevent ...Kg6.} 52. Kd3 Kg6) 52. Nc4 $15 Bc1 53. Kd3 $1 Bxg4 54. Kc2 {[%emt 0:00:00] [#] Dodges Bd1+} Bb2 55. Nxb2 axb2 56. Bxb2 {[%emt 0:00:00] Weighted Error Value: White=0.14 (very precise) /Black=0.19 (very precise)} 1/2-1/2

[Event "CZE-ch U16 Open 2023"]
[Site "Teplice"]
[Date "2023.03.15"]
[Round "6.11"]
[White "Mrazek, Adam"]
[Black "Sigut, Ondrej"]
[Result "1/2-1/2"]
[ECO "A04"]
[WhiteElo "1745"]
[BlackElo "1804"]
[Annotator "NA RC COMBH"]
[PlyCount "129"]
[EventDate "2023.03.09"]
[EventType "swiss"]
[EventCountry "CZE"]
[SourceTitle "playchess.com"]
[Source "ChessBase"]
[SourceQuality "1"]
[TimeControl "40/5400+30:1800+30"]

1. Nf3 g6 2. g3 Bg7 3. Bg2 Nf6 4. O-O O-O 5. c4 c6 6. Nc3 d5 7. d4 dxc4 8. a4 Nd5 9. Bd2 Nd7 10. Na2 N7f6 11. Ne5 Nd7 12. Nf3 e5 13. e4 Nc7 14. Be3 exd4 15. Bxd4 Nf6 16. Qc2 Be6 17. Bc5 Re8 18. Rad1 Qc8 19. Ng5 Na6 20. Nxe6 Qxe6 21. Ba3 Rad8 22. Nc3 Nc7 23. Rfe1 b5 24. axb5 cxb5 25. Bb4 Qb6 26. e5 Ng4 27. Rxd8 Rxd8 28. Bd6 Re8 29. Bxc7 Qxc7 30. Nxb5 Qc5 31. Nd6 Rxe5 32. Rxe5 Bxe5 33. Ne4 Qd4 34. h3 Nf6 35. Nxf6+ Bxf6 36. Qe2 Be5 37. Kh1 Qxb2 38. Qxb2 Bxb2 39. Bd5 c3 40. Bb3 Kf8 41. Kg2 f5 42. Kf3 Bc1 43. Ke2 Ke7 44. Kd3 Bd2 45. f3 h5 46. Kd4 g5 (46... Kf6 $19 47. Kd3 a5) 47. Ke5 g4 ({Better is} 47... Be1 48. g4 fxg4 49. fxg4 h4) 48. hxg4 $2 (48. fxg4 $17 hxg4 49. hxg4) 48... fxg4 49. fxg4 hxg4 50. Ba4 $17 Be1 51. Kf4 $2 (51. Bd1 $17) 51... Kd6 52. Kxg4 Kc5 53. Kf3 Kb4 54. Bd1 Kc4 55. Ke2 Bxg3 56. Bc2 a5 57. Kd1 Bf4 58. Bf5 {[%emt 0:00:28] [#]} Kb3 $1 59. Bc2+ {[%emt 0:00:24] [#]} Kb4 $2 60. Bf5 Kb3 ({Black should try} 60... a4 $17 61. Be6 Be3) 61. Bc2+ {[%emt 0:00:05] [#]} Kb2 $1 {[%emt 0:00:40] mates} 62. Ba4 Bg5 (62... Ka3 63. Bd7 Kb3 64. Bf5 a4 65. Bc2+ Ka3 66. Ke2 Kb4 67. Bb1 a3 68. Kf3 Kb3 69. Kg4 c2 70. Bxc2+ Kxc2 71. Kxf4 a2 72. Ke5 a1=Q+ 73. Kf5 Kd3 74. Ke6 Qd4 75. Kf5 Qd6 76. Kg4 Ke4 77. Kg5 Qe7+ 78. Kg6 Kf4 79. Kh6 Kf5 80. Kh5 Qh7#) 63. Bc2 Bd2 64. Ba4 Ka3 65. Bd7 1/2-1/2

[Event "CZE-ch U16 Open 2023"]
[Site "Teplice"]
[Date "2023.03.17"]
[Round "8.1"]
[White "Mametev, Artem"]
[Black "Fizer, Marek"]
[Result "0-1"]
[ECO "B33"]
[WhiteElo "2074"]
[BlackElo "1929"]
[Annotator "TA"]
[PlyCount "74"]
[EventDate "2023.03.09"]
[EventType "swiss"]
[EventCountry "CZE"]
[SourceTitle "playchess.com"]
[Source "ChessBase"]
[SourceQuality "1"]
[TimeControl "40/5400+30:1800+30"]

1. e4 c5 2. Nf3 Nc6 3. d4 cxd4 4. Nxd4 Nf6 5. Nc3 e5 6. Ndb5 d6 7. Bg5 a6 8. Na3 b5 9. Nd5 Be7 10. Bxf6 Bxf6 11. c4 b4 12. Nc2 a5 13. g3 {[%emt 0:00:06] B33: Sicilian: Pelikan and Sveshnikov Variations.} O-O 14. Bg2 Bg5 {[%emt 0:01:45] 14...g6 injects fresh life into this line.} 15. O-O {[%emt 0:00:13] The position is equal.} Ne7 16. Nce3 Bxe3 17. Nxe3 Be6 18. Qd3 Qb6 19. b3 a4 20. Rad1 (20. Nf5 {seems wilder.} Nc6 21. Qxd6 Ra7 22. bxa4 Rd8 23. a5) 20... Rfd8 {[%emt 0:02:35] [#]} 21. Kh1 $146 ({Predecessor:} 21. Rd2 axb3 22. axb3 Nc6 23. Rfd1 Nd4 24. Nc2 Bg4 25. Re1 Ne6 26. h3 {1-0 Zhapova,Y (2212)-Aleshina,A (1445) Satka Autumn op (Women) 2021 (1)}) 21... axb3 22. axb3 Kh8 23. f4 f6 $1 24. f5 Bf7 25. g4 Nc6 26. h4 (26. Nc2 $11) 26... Nd4 {[%emt 0:02:21] Black is more active.} (26... Qd4 $17) 27. Nc2 $1 $11 Nxc2 28. Qxc2 Ra3 29. Rd3 Rda8 30. Qd2 R8a6 31. Rf2 $2 {[%emt 0:04:35][%mdl 8192] [#]} (31. g5 $11 {and White stays safe.} Ra2 32. Qc1) 31... Bxc4 $1 $19 {[%emt 0:02:42][%mdl 576] Pin, Double Attack} 32. Qc2 (32. Bf1 Bxd3) 32... Bg8 (32... Bxd3 $2 {gets mated.} 33. Qc8+) (32... Ra8 $142 33. Rdf3 Bxb3) 33. g5 $2 (33. Bf1 {is a better chance.}) 33... Qc5 $2 (33... Rxb3 34. Rxb3 Bxb3 35. Qc8+ Bg8) 34. gxf6 Qxc2 (34... gxf6 $19 {has better winning chances.} 35. Bf1 Ra7 36. Qxc5 dxc5) 35. fxg7+ $2 (35. Rxc2 $17 {was forced.} gxf6 36. Rc8) 35... Kxg7 36. Rxc2 {[%emt 0:00:06] [#] Rg3+ is the strong threat.} Bxb3 37. Rg3+ $2 (37. Rc7+ {is tougher.} Bf7 38. Bf1) 37... Kf6 {[%emt 0:01:02] Weighted Error Value: White=0.73/Black=0.53} 0-1

[Event "CZE-ch U16 Open 2023"]
[Site "Teplice"]
[Date "2023.03.17"]
[Round "8.2"]
[White "Paseka, Matyas"]
[Black "Simunek, Jakub Simon"]
[Result "1-0"]
[ECO "C18"]
[WhiteElo "2082"]
[BlackElo "1970"]
[Annotator "TA"]
[PlyCount "91"]
[EventDate "2023.03.09"]
[EventType "swiss"]
[EventCountry "CZE"]
[SourceTitle "playchess.com"]
[Source "ChessBase"]
[SourceQuality "1"]
[TimeControl "40/5400+30:1800+30"]

1. e4 {[%emt 0:00:03] Edouard,Romain} e6 2. d4 d5 3. Nc3 Bb4 4. e5 c5 5. a3 Bxc3+ 6. bxc3 Ne7 7. Qg4 Qc7 8. Qxg7 Rg8 9. Qxh7 cxd4 10. Ne2 dxc3 11. f4 Nbc6 12. Qd3 d4 13. Nxd4 Nxd4 14. Qxd4 Bd7 15. Rg1 Nf5 {[%emt 0:09:13][%cal Be7f5,Bf5h4,Bh4f3][%mdl 32] C18: French: 3 Nc3 Bb4: Main line: 7 h4 and 7 Qg4.} 16. Qf2 {[%emt 0:00:14] [#]} Qb6 $146 (16... Qc6 $1 $14) ({Predecessor:} 16... Bc6 17. Bd3 O-O-O 18. Qxa7 Nh4 19. Be3 Nxg2+ 20. Rxg2 Rxg2 21. Bb6 Qe7 22. Bxd8 Qxd8 23. O-O-O {½-½ Fier,A (2562)-Edouard,R (2645) Bremen CD Meyer Memorial 2020 (2.2)}) 17. Bd3 Bc6 {[%emt 0:08:39] White is better.} 18. Qxb6 axb6 19. Kf2 Ke7 (19... Rh8 $16) 20. Rb1 $18 Nh4 21. g4 Nf3 22. Rg3 Nd2 23. Rxb6 Rh8 24. h3 Rh4 25. Ke3 Rah8 26. Bxd2 cxd2 27. Kxd2 Rxh3 28. Rxh3 Rxh3 {[%emt 0:00:04][%mdl 4096] Endgame KRB-KRB} 29. f5 Rg3 (29... exf5 $142 30. gxf5 Rh4) 30. f6+ Kd7 31. Rb4 Bf3 $2 (31... b5 32. Bxb5 Bxb5) 32. Rd4+ Kc8 {[%emt 0:01:50] [#]} 33. Bg6 $1 {[%emt 0:00:30][%mdl 576] Promotion} Bxg4 (33... Rxg4 34. Rxg4) 34. Bxf7 {[%emt 0:00:23][%cal Od4g4] Threatening mate with Rxg4!} Bf5 35. Bh5 {[%emt 0:01:17] Intending f7 and mate.} Rg2+ 36. Be2 {[%emt 0:00:52] f7 would kill now.} Bg6 37. Rg4 {[%emt 0:00:15] White mates.} Rxg4 38. Bxg4 {[%emt 0:00:04] KB-KB} Kd7 39. Kc3 Bf7 40. Bf3 Kc7 41. Kb4 Kb6 42. a4 Kc7 43. a5 Kc8 44. Kc5 Kc7 {[%emt 0:00:05] [#]} 45. Bxb7 $1 {[%emt 0:00:49][%mdl 576] Deflection, Promotion} Kxb7 46. Kd6 {[%emt 0:00:04] Weighted Error Value: White=0.09 (flawless) /Black=0.65} 1-0

[Event "CZE-ch U16 Open 2023"]
[Site "Teplice"]
[Date "2023.03.17"]
[Round "8.3"]
[White "Janous, Marek"]
[Black "Lang, Simon"]
[Result "1-0"]
[ECO "B51"]
[WhiteElo "2124"]
[BlackElo "1974"]
[Annotator "TA"]
[PlyCount "67"]
[EventDate "2023.03.09"]
[EventType "swiss"]
[EventCountry "CZE"]
[SourceTitle "playchess.com"]
[Source "ChessBase"]
[SourceQuality "1"]
[TimeControl "40/5400+30:1800+30"]

1. e4 c5 2. Nf3 d6 3. Bb5+ Nd7 4. a4 Ngf6 5. Nc3 e6 6. O-O {[%emt 0:00:24] B51: Sicilian: Moscow Variation (3 Bb5+) without 3...Bd7.} Be7 (6... a6 $5 7. Be2 b6 $14) 7. d4 cxd4 8. Qxd4 {[%emt 0:00:08] White has an edge.} O-O 9. Rd1 Qc7 10. Bg5 Rd8 11. a5 h6 {[%emt 0:19:45] [#]} 12. Bxf6 $146 ({Predecessor:} 12. Bh4 a6 13. Bf1 Rb8 14. Bg3 e5 15. Qe3 b5 16. axb6 Rxb6 17. Ra2 Bb7 18. h3 {½-½ Cladouras,P (2375)-Meissner,H (2255) BL2-Nord 9596 1995 [4]}) 12... Nxf6 13. e5 (13. Qc4 $11 {keeps the balance.} Qxc4 14. Bxc4) 13... dxe5 $17 14. Qxe5 Bd6 15. Qe2 a6 16. Bd3 Bd7 17. Ne4 {[%emt 0:02:32] Strongly threatening Nxd6.} Nxe4 18. Qxe4 f5 19. Qc4 Rac8 20. Qxc7 ({Better is} 20. Qb3 $11) 20... Rxc7 {[%emt 0:00:47] [#]} (20... Bxc7 $15 {keeps the upper hand.} 21. Re1 Kf7) 21. Bxf5 $1 $16 {[%emt 0:02:52][%mdl 64] Discovered Attack} Bc8 22. Bd3 e5 23. Re1 Re7 24. h3 {[%emt 0:05:31] White is more active.} Rf8 25. Nd2 Bc7 26. Re2 Rf4 27. Nc4 Be6 28. Nxe5 {[%emt 0:00:58] Hoping for Ng6.} Bd5 $2 (28... Bf7) 29. Ng6 $1 $18 {[%emt 0:00:56][%csl LRe7,LRf4][%mdl 64] [#] Discovered Attack. White is clearly winning.} Rxe2 30. Nxf4 ({Not} 30. Bxe2 Rf7 31. c3 Be4 $16) 30... Bxf4 31. Bxe2 Be5 32. c3 Kf7 33. Bf3 Bxf3 34. gxf3 {[%emt 0:00:05] Weighted Error Value: White=0.16 (very precise) /Black=0.42} 1-0

[Event "CZE-ch U16 Open 2023"]
[Site "Teplice"]
[Date "2023.03.17"]
[Round "8.4"]
[White "Prazak, Daniel"]
[Black "Dolensky, Filip"]
[Result "1-0"]
[ECO "B07"]
[WhiteElo "2064"]
[BlackElo "2108"]
[Annotator "TA"]
[PlyCount "61"]
[EventDate "2023.03.09"]
[EventType "swiss"]
[EventCountry "CZE"]
[SourceTitle "playchess.com"]
[Source "ChessBase"]
[SourceQuality "1"]
[TimeControl "40/5400+30:1800+30"]

1. e4 d6 2. d4 Nf6 3. Nc3 Nbd7 4. Nf3 e5 5. Rg1 h6 6. g4 {[%emt 0:01:21] C41: Philidor Defence.} c6 7. Be3 Qc7 8. Qd2 {[%emt 0:02:36] [#] The position is equal.} a6 $146 (8... b5 $11) ({Predecessor:} 8... Be7 9. O-O-O Nf8 10. dxe5 dxe5 11. g5 Ng4 12. gxh6 gxh6 13. Nb5 cxb5 14. Bxb5+ Bd7 15. Bxd7+ Nxd7 16. Rxg4 {1-0 Guennigmann,M (2234)-Carrasco,P (2038) Dortmund Sparkassen op-A 2010 (4)}) 9. a4 (9. O-O-O $16) 9... Be7 (9... exd4 $11 10. Nxd4 Ne5) 10. g5 $1 $14 hxg5 11. Nxg5 Rf8 ({Black should play} 11... Nh7 $14) 12. f4 $16 b6 13. Bc4 Bb7 14. Qg2 {[%emt 0:05:34] Threatens to win with Bxf7+. White has more active pieces. The black rooks are badly placed.} b5 $2 {[%emt 0:11:13][%mdl 8192] This move loses the game for Black.} (14... exd4 $16 {is tougher.} 15. Bxf7+ (15. Bxd4 d5 $15) 15... Rxf7) 15. Bxf7+ $18 {[%emt 0:06:29][%mdl 64] [#] Decoy} Rxf7 16. Nxf7 Kxf7 17. Qg6+ Kf8 18. fxe5 dxe5 19. O-O-O Ne8 20. dxe5 Nxe5 21. Rdf1+ Bf6 {[%emt 0:04:16] [#]} 22. Rxf6+ Kg8 (22... Nxf6 $2 23. Bc5+ Kg8 24. Qxf6 $18) 23. Qf5 Nxf6 24. Qxf6 {[%emt 0:00:07] Black is weak on the dark squares} Re8 25. Bd4 b4 $2 (25... Re7 26. b4 (26. Bc5 Rf7 $16) 26... Bc8 27. Rxg7+ (27. Bc5 Rf7 $14) 27... Rxg7) 26. Rg5 $1 bxc3 (26... Qf7 $142 27. Bxe5 Qxf6 28. Bxf6 Kf7) 27. Bxe5 Rxe5 28. Qxe5 Qf7 {[%emt 0:00:31][%cal Rf7f1] Prevents Qe8+} 29. Rf5 {[%emt 0:00:52] Prevents Qf1+. Intending Qb8+ and mate.} Qg6 30. bxc3 (30. Qb8+ $142 Kh7 31. bxc3 (31. Qxb7 $2 {leads to mate.} Qg1+) 31... Qe6 32. Qxb7 Kg6 33. Rc5 Kh7 34. Kb2 a5 35. Rxa5) 30... Qg1+ 31. Kb2 {[%emt 0:00:18] Artfully played by Prazak.   Weighted Error Value: White=0.43/Black=1.27} 1-0

[Event "CZE-ch U16 Open 2023"]
[Site "Teplice"]
[Date "2023.03.17"]
[Round "8.5"]
[White "Werner, Hong Quan Dan"]
[Black "Seidl, Jan"]
[Result "0-1"]
[ECO "B11"]
[WhiteElo "2085"]
[BlackElo "2025"]
[Annotator "TA"]
[PlyCount "64"]
[EventDate "2023.03.09"]
[EventType "swiss"]
[EventCountry "CZE"]
[SourceTitle "playchess.com"]
[Source "ChessBase"]
[SourceQuality "1"]
[TimeControl "40/5400+30:1800+30"]

1. e4 c6 2. Nc3 d5 3. Nf3 Bg4 4. h3 Bxf3 5. Qxf3 e6 6. Be2 Nf6 {[%emt 0:00:15] B11: Caro-Kann: Two Knights Variation.} 7. O-O Be7 8. Rd1 d4 {[%emt 0:02:01] The position is equal.} 9. Nb1 O-O 10. d3 c5 11. Qg3 Nc6 {[%emt 0:02:12] [#]} 12. f4 $146 (12. e5 $5 Ne8 13. Bf3 $14) ({Predecessor:} 12. e5 Ne8 13. c4 f6 14. exf6 Bd6 15. Bf4 Bxf4 16. Qxf4 gxf6 17. Nd2 e5 18. Qh4 {0-1 Tomczak,J (2584)-Socko,B (2636) POL-ch Lotto 79th 2022 (2.2)}) 12... Qc7 13. Qf2 Nd7 14. a4 a6 15. Na3 f5 (15... e5 $11) 16. e5 (16. exf5 $14 exf5 17. Bd2) 16... Kh8 (16... Nb6 $5 ) 17. Bd2 {[%emt 0:02:52] [#]} g5 $1 18. g3 (18. fxg5 Ndxe5) 18... Rg8 {[%emt 0:01:08] And now ...gxf4 would win.} 19. Kh1 gxf4 20. gxf4 Nf8 21. Qh2 $2 (21. Nc4 $11 {and White has nothing to worry.}) 21... Nxe5 $1 $19 {[%emt 0:02:49][%mdl 64] Clearance} 22. Qf2 $2 (22. Rg1 Qc6+ 23. Rg2) 22... Qc6+ 23. Kh2 {[%emt 0:01:23] [#]} Bh4 $1 {[%emt 0:00:16][%cal Be7h4,Bh4g3,Bg3f4][%mdl 608] Deflection} 24. Qf1 (24. Rg1 Bxf2) 24... Bg3+ 25. Kg1 Bxf4+ 26. Kf2 Bg3+ 27. Kg1 f4 28. Nc4 f3 {[%emt 0:02:19] ( -> ...f2+)} 29. Nxe5 f2+ {[%emt 0:01:13] Black mates.} 30. Qxf2 Bxf2+ 31. Kxf2 Qg2+ 32. Ke1 Qg3+ {[%emt 0:00:07] Ingenious play by Seidl!   Weighted Error Value: White=1.34/Black=0.11 (very precise)} 0-1